 Dungeon Crawl Stone Soup version 0.29.1-12-g30fa7ad0bf (webtiles) character file.

Game seed: 3016444759205197334

4032 wormed the Tainter (level 10, -4/94 HPs)
             Began as a Demonspawn Venom Mage on Dec 28, 2022.
             Was a Believer of Vehumet.
             Slain by a vampire (8 damage)
             ... on level 7 of the Dungeon.
             The game lasted 00:38:03 (14504 turns).

wormed the Tainter (Demonspawn Venom Mage)         Turns: 14504, Time: 00:38:03

Health: -4/94      AC: 29    Str:  9    XL:     10   Next: 4%
Magic:  7/22       EV:  2    Int: 20    God:    Vehumet [**....]
Gold:   515        SH:  9    Dex: 14    Spells: 14/25 levels left

rFire   + . .      SeeInvis .   y - +3 dagger
rCold   x . .      Faith    +   K - +0 buckler
rNeg    . . .      Spirit   .   (body armour currently unavailable)
rPois   +          Reflect  .   (helmet currently unavailable)
rElec   .          Harm     .   (cloak currently unavailable)
rCorr   .          Rampage  .   (gloves currently unavailable)
Will    +....      Clarity  +   (boots unavailable)
Stlth   ++........ NoTele   +   D - amulet of faith
HPRegen 0.25/turn               A - +4 ring of evasion
MPRegen 0.18/turn               S - ring of fire

@: brilliant, tree-form, attractive, invisible
A: stationary, stasis, torment immunity, boosted hp, (hooves 3), icemail 1,
(sanguine armour 2), condensation shield, clarity, strong-willed 1, wild magic 1
a: Renounce Religion


You were on level 7 of the Dungeon.
You worshipped Vehumet.
Vehumet was pleased with you.
You were a tree.
You visited 2 branches of the dungeon, and saw 8 of its levels.
You also visited: Ossuary.

You collected 515 gold pieces.

Inventory:

Hand Weapons
 y - a +3 dagger (weapon)
Missiles
 N - a throwing net (quivered)
Armour
 a - a +0 robe (melded)
 v - a +2 pair of gloves (melded)
 z - the +2 helmet of Death's Door (melded) {+Inv}
   (You found it on level 3 of the Dungeon)

   +Inv:      It lets you turn invisible.
 B - a +0 troll leather armour {Pargi}
 G - a +2 cloak (melded)
 J - a +0 pair of boots (melded)
 K - a +0 buckler (worn)
Jewellery
 t - a ring of protection from fire
 u - a ring of poison resistance
 A - a +4 ring of evasion (left branch)
 D - an amulet of faith (around neck)
 Q - a +4 ring of slaying
 S - a ring of fire (right branch)
 V - a +6 ring of strength
Wands
 E - a wand of digging (2)
 H - a wand of light (16)
 O - a wand of roots (11)
 T - a wand of mindburst (15)
 U - a wand of charming (3)
Scrolls
 c - 3 scrolls of amnesia {unknown}
 d - 2 scrolls of torment {unknown}
 e - a scroll of vulnerability {unknown}
 g - 2 scrolls of magic mapping {unknown}
 h - 5 scrolls of blinking {unknown}
 j - 4 scrolls of immolation {unknown}
 l - 4 scrolls of teleportation {unknown}
 m - a scroll of fear {unknown}
 s - 3 scrolls of brand weapon {unknown}
 w - 5 scrolls of identify {unknown}
 x - 2 scrolls of poison {unknown}
 I - a scroll of fog {unknown}
 L - a scroll of acquirement {unknown}
 R - a scroll of noise {unknown}
Potions
 b - 3 potions of magic
 f - 3 potions of invisibility
 i - 3 potions of attraction
 n - a potion of might {unknown}
 p - 2 potions of heal wounds {unknown}
 q - 3 potions of brilliance
 r - a potion of mutation
 C - a potion of ambrosia {unknown}
 F - 2 potions of lignification
 M - a potion of haste {unknown}
 P - a potion of berserk rage {unknown}


   Skills:
 - Level 2.0 Dodging
 - Level 2.0 Stealth
 - Level 5.0 Shields
 - Level 8.0 Spellcasting
 + Level 4.9 Conjurations
 - Level 1.0 Transmutations
 - Level 8.0 Poison Magic
 - Level 5.0 Evocations


You had 14 spell levels left.
You knew the following spells:

 Your Spells              Type           Power      Damage    Failure   Level
a - Foxfire               Conj/Fire      100%       2x1d9     7%          1
b - Poisonous Vapours     Pois/Air       92%        N/A       5%          2
c - Olgreb's Toxic Radia  Pois           67%        N/A       7%          4
d - Mephitic Cloud        Conj/Pois/Air  49%        N/A       9%          3
e - Sting                 Tmut/Pois      100%       1d8       3%          1

Your spell library contained the following spells:

 Spells                   Type           Power      Damage    Failure   Level
 Freeze                   Ice            60%        1d8       16%         1
 Sandblast                Erth           30%        2d9       16%         1
 Stone Arrow              Conj/Erth      68%        3d11      17%         3
 Passwall                 Tmut/Erth      15%        N/A       19%         2


Dungeon Overview and Level Annotations

Branches:
Dungeon (7/15)             Temple (1/1) D:6         Ossuary (visited)

Altars:
Ashenzari
Dithmenos
Fedhas
Gozag
Kikubaaqudgha
Makhleb
Nemelex Xobeh
Okawaru
Ru
Sif Muna
Uskayaw
Vehumet
Wu Jian
Xom

Shops:
D:6 ((


Innate Abilities, Weirdness & Mutations

You are a tree.
Your roots penetrate the ground, keeping you stationary.
You cannot be teleported.
You are immune to unholy pain and torment.
Your maximum health is greatly increased.
Your equipment is partially melded.
((You have hooves in place of feet.))
A meltable icy envelope protects you from harm. (AC +4)
((When seriously injured, your blood forms thick armour. (AC +0)))
A meltable shield of frost defends you. (SH +4)
You possess an exceptional clarity of mind.
You are strong-willed. (Will+)
Your spells are a little harder to cast, but a little more powerful.


Message History

Confirm with . or Enter, or press ? or * to list all spells.
You feel a strong surge of power!
You conjure some foxfire!
Something hits you but does no damage. Something bites you but does no damage.
Casting: Foxfire (safe; 4% risk of failure)
Confirm with . or Enter, or press ? or * to list all spells.
You feel a strong surge of power!
You conjure some foxfire!
The foxfire hits something but does no damage. x2
The foxfire hits something.
The foxfire hits something but does no damage.
You block something's attack. Something bites you but does no damage.
Casting: Foxfire (safe; 4% risk of failure)
Confirm with . or Enter, or press ? or * to list all spells.
You feel a strong surge of power!
You conjure some foxfire!
The foxfire hits something but does no damage. x2
* * * LOW HITPOINT WARNING * * *
Casting: Foxfire (safe; 4% risk of failure)
Confirm with . or Enter, or press ? or * to list all spells.
You feel a strong surge of power!
You conjure some foxfire!
The foxfire hits something.
You hear some strange, mumbled words.
Something tries to affect you, but you resist.
Casting: Foxfire (safe; 4% risk of failure)
Confirm with . or Enter, or press ? or * to list all spells.
You feel a strong surge of power!
You conjure some foxfire!
The foxfire hits something but does no damage.
Something hits you but does no damage. Something bites you.
* * * LOW HITPOINT WARNING * * *
Something draws strength from your injuries!
It was a potion of mutation.
You feel extremely strange.
Your thoughts seem clearer.
Your feet have mutated into hooves.
You feel strong-willed.
You feel less in control of your magic.
The foxfire hits something but does no damage.
The foxfire hits something.
The foxfire hits something but does no damage.
Something hits you!
* * * LOW HITPOINT WARNING * * *
Something bites you but does no damage.
The foxfire hits something but does no damage.
It was a potion of flight.
Your roots keep you in place.
Something hits you!
You die...

##<..........#...................
#..#######.......................
#>## #.....#.............##..
..## #....####...............
...# #.....##................
..>#### #...#....<..............
#####8## #...##...###............
#...# #....#.{..##.....#......
#...###....).♣#####....##....#
#.....∩......§§...#........#.#
#...###...........#..#...##..#
#...# #......##......#..###.".
##8## #...#######......###...#
### #...# ###.......###... #...#
#........####).. #...#
###........#..## #...#
#....###....##


There were no monsters in sight!

Vanquished Creatures
  Maggie (D:7)
  A wyvern (D:4)
  Edmund (D:5)
  Duvessa (D:6)
  4 water moccasins
  2 ice beasts
  Pargi (D:3)
  2 sky beasts (D:6)
  4 ogres
  A centaur (D:7)
  A wolf (D:5)
  2 kobold brigands (D:5)
  An elf zombie (Ossuary)
  A gnoll sergeant (D:6)
  The ghost of mantisjm the Sneak, an amateur VSEn (D:4)
  A necrophage (D:7)
  3 scorpions
  Dowan (D:6)
  A centaur zombie (Ossuary)
  3 human zombies (Ossuary)
  A jelly (D:5)
  2 gnoll boudas
  10 hounds
  Crazy Yiuf (D:3)
  An orc priest (D:6)
  Ijyb (D:3)
  Natasha (thrice) (D:4)
  5 orc wizards
  A bullfrog simulacrum (D:4)
  A scorpion simulacrum (D:4)
  2 mummies (Ossuary)
  27 gnolls
  8 adders
  2 hound simulacra (D:4)
  2 shadow imps (D:7)
  A white imp (D:4)
  An ufetubus (D:4)
  An adder zombie (Ossuary)
  4 dart slugs
  A worm (D:3)
  An adder simulacrum (D:4)
  15 orcs
  7 bats
  10 endoplasms
  4 giant cockroaches
  10 goblins
  11 hobgoblins
  14 jackals
  5 quokkas
  5 ball pythons
  3 frilled lizards
  11 hobgoblin zombies (Ossuary)
  2 jackal zombies (Ossuary)
  9 kobolds
  8 kobold zombies (Ossuary)
  8 orc zombies (Ossuary)
  8 rats
  2 rat zombies (Ossuary)
241 creatures vanquished.

Vanquished Creatures (others)
  241 foxfires
  A fungus (D:3)
242 creatures vanquished.

Grand Total: 483 creatures vanquished

Notes
Turn   | Place    | Note
-------+----------+-------------------------------------------
     0 | D:1      | wormed the Demonspawn Venom Mage began the quest for the
                  | Orb.
     0 | D:1      | Reached XP level 1. HP: 13/13 MP: 3/3
    87 | D:1      | Reached skill level 1 in Transmutations
   136 | D:1      | Gained mutation: A meltable shield of frost defends you.
                  | (SH +4) [demonic ancestry]
   136 | D:1      | Reached XP level 2. HP: 6/19 MP: 0/5
   361 | D:1      | Learned a level 2 spell: Poisonous Vapours
  1224 | D:1      | Gained mutation: When seriously injured, your blood forms
                  | armour. (AC +0) [demonic ancestry]
  1224 | D:1      | Reached XP level 3. HP: 20/24 MP: 5/7
  2422 | D:2      | Reached XP level 4. HP: 25/30 MP: 4/9
  3266 | D:3      | Noticed Pargi
  3336 | D:3      | Noticed Ijyb
  3361 | D:3      | Identified the +2 helmet of Death's Door {+Inv}
  3392 | D:3      | Reached XP level 5. HP: 35/35 MP: 3/11
  4364 | D:3      | Found a faded altar of an unknown god.
  4787 | D:3      | Killed Pargi
  4788 | D:3      | Reached skill level 5 in Poison Magic
  4788 | D:3      | Reached XP level 6. HP: 28/41 MP: 1/12
  4905 | D:3      | Killed Ijyb
  4992 | D:3      | Found a runed translucent door.
  4993 | D:3      | Noticed Crazy Yiuf
  5001 | D:3      | Learned a level 4 spell: Olgreb's Toxic Radiance
  5005 | D:3      | Learned a level 3 spell: Mephitic Cloud
  5086 | D:4      | Found a runed translucent gate.
  5087 | D:4      | Found a runed translucent gate.
  5088 | D:4      | Found a runed translucent gate.
  5185 | D:4      | Noticed an ice beast
  5204 | D:4      | Noticed mantisjm's ghost (amateur VSEn)
  5213 | D:4      | Noticed a wyvern
  5755 | D:4      | Noticed Natasha
  5814 | D:4      | Killed Natasha
  5868 | D:4      | Noticed Natasha
  5883 | D:4      | Killed Natasha
  6073 | D:4      | Killed a wyvern
  6074 | D:4      | Gained mutation: You have large cloven feet. [demonic
                  | ancestry]
  6074 | D:4      | Reached XP level 7. HP: 20/46 MP: 4/13
  6193 | D:4      | Noticed Natasha
  6201 | D:4      | Killed Natasha
  6611 | D:3      | Killed Crazy Yiuf
  6903 | D:5      | Entered Level 5 of the Dungeon
  7264 | D:4      | Reached skill level 5 in Spellcasting
  7550 | D:5      | Found a broken altar of Ashenzari.
  7588 | D:5      | Noticed Edmund
  7701 | D:5      | Gained mutation: When seriously injured, your blood forms
                  | thick armour. (AC +0) [demonic ancestry]
  7701 | D:5      | Reached XP level 8. HP: 52/52 MP: 6/15
  7893 | D:5      | Killed Edmund
 10126 | D:6      | Gained mutation: A meltable icy envelope protects you from
                  | harm. (AC +4) [demonic ancestry]
 10126 | D:6      | Reached XP level 9. HP: 57/57 MP: 15/21
 10580 | D:6      | Noticed Duvessa
 10617 | D:6      | Killed Duvessa
 10618 | D:6      | Reached skill level 5 in Evocations
 10721 | D:6      | Found Qokim's Firing Range.
 10727 | D:6      | Reached skill level 1 in Shields
 10897 | D:6      | Noticed Dowan
 10937 | D:6      | Found a staircase to the Ecumenical Temple.
 10964 | Temple   | Entered the Ecumenical Temple
 11222 | Temple   | Became a worshipper of Vehumet
 11471 | D:6      | Found Qoqiof's Antique Weapon Shop.
 11506 | D:6      | Killed Dowan
 11749 | D:6      | Found a burning altar of Makhleb.
 12052 | D:7      | Noticed Maggie
 12076 | D:7      | Killed Maggie
 12088 | D:7      | Reached skill level 5 in Shields
 12195 | D:7      | Reached skill level 1 in Conjurations
 12201 | D:7      | Found a sand-covered staircase.
 12208 | Ossuary  | Entered an ossuary
 12574 | Ossuary  | Reached * piety under Vehumet
 12574 | Ossuary  | Offered knowledge of Foxfire by Vehumet.
 12583 | Ossuary  | Learned a level 1 spell: Foxfire
 12984 | Ossuary  | Offered knowledge of Freeze by Vehumet.
 12992 | Ossuary  | Reached ** piety under Vehumet
 13225 | D:7      | Identified the +5 short sword of the Tiger {vorpal, +Blink
                  | rF- rC++ Will+++}
 13896 | D:4      | Killed mantisjm's ghost
 14101 | D:7      | Gained mutation: You have hoof-like feet. [demonic
                  | ancestry]
 14101 | D:7      | Reached XP level 10. HP: 63/63 MP: 17/22
 14319 | D:7      | Found an ancient bone altar of Kikubaaqudgha.
 14484 | D:7      | HP: 3/63 [vampire/vampiric draining (13)]
 14503 | D:7      | Gained mutation: You possess an exceptional clarity of
                  | mind. [potion of mutation]
 14503 | D:7      | Gained mutation: You have hooves in place of feet. [potion
                  | of mutation]
 14503 | D:7      | Gained mutation: You are strong-willed. (Will+) [potion of
                  | mutation]
 14503 | D:7      | Gained mutation: Your spells are a little harder to cast,
                  | but a little more powerful. [potion of mutation]
 14503 | D:7      | HP: 4/94 [something (8)]
 14504 | D:7      | Slain by a vampire

Illustrated notes

Levels and vault maps discovered:
D:1:      giann_forest_graveyard, layout_loops_ring, st_stairs_9,
          due_unseen_surprise
D:2:      minmay_spotlight, layout_rooms, minmay_joined_circles
D:3:      layout_loops_ring, chequers_ecumenical_altar_twisty, uniq_pargi,
          uniq_ijyb, uniq_crazy_yiuf_cottage
D:4:      layout_basic, gammafunk_ghost_icy, uniq_natasha
D:5:      layout_gridville, ashenzari_altar_1, uniq_edmund
D:6:      layout_cave_pools, kennysheep_mini, makhleb_blood_cavern_becter,
          minmay_temple_entry_statues_fountains, serial_gnoll_camp,
          gnoll_camp_mini_hut, gnoll_camp_mini_doghouse, gnoll_camp_mini_shop,
          gnoll_camp_mini_doghouse, nicolae_shop_firing_range, uniq_duvessa
D:7:      layout_cave_pools, mainiacjoe_overflow_tiny_flanked,
          chequers_ossuary_entry_cave, uniq_maggie
Temple:   nicolae_temple_bog_church

Skill      XL: |  1  2  3  4  5  6  7  8  9 |
---------------+----------------------------+-----
Transmutations | 1 |  1.0
Stealth        | 2 |  2.0
Dodging        | 2 |  2.0
Spellcasting   | 3 4 5 8 |  8.0
Poison Magic   | 4 5 7 8 |  8.0
Evocations     | 3 5 |  5.0
Shields        | 5 |  5.0
Conjurations   | 4 |  4.9

Action                   |  1- 3 |  4- 6 |  7- 9 | 10-12 || total
-------------------------+-------+-------+-------+-------++-------
Melee: Unarmed           |     2 |       |       |       ||     2
       Falchion          |    81 |    32 |       |       ||   113
       Punch             |     3 |       |     1 |       ||     4
       Dagger            |       |   181 |   274 |     2 ||   457
       Kick              |       |       |    19 |       ||    19
Throw: Throwing net      |       |       |     1 |       ||     1
 Cast: Sting             |    27 |    22 |    98 |       ||   147
       Poisonous Vapours |    18 |   100 |   117 |       ||   235
       Mephitic Cloud    |       |     1 |     8 |       ||     9
       Olgreb's Toxic Ra |       |       |    26 |     1 ||    27
       Foxfire           |       |       |   111 |    26 ||   137
Evoke: Wand              |       |       |     1 |       ||     1
  Use: Potion            |       |       |       |     9 ||     9
 Stab: Sleeping          |     1 |       |       |       ||     1
       Confused          |       |       |     1 |       ||     1
Armor: Robe              |    20 |    58 |   148 |     8 ||   234
       Troll leather arm |       |    17 |       |       ||    17
       Skin              |       |       |       |    15 ||    15
Dodge: Dodged            |    66 |   189 |   335 |    18 ||   608
Block: Other             |    17 |    56 |    31 |       ||   104
       Buckler           |       |       |   136 |    12 ||   148
